 Dungeon Crawl Stone Soup version 0.31.0-9-g3a7656b989 (webtiles) character file.

Game seed: 14822210749291449068

58 qw the Shooter (level 3, -2/20 HPs)
             Began as a Deep Elf Hunter on Feb 2, 2024.
             Slain by Sigmund
             ... wielding a +4 scythe of holy wrath
              (11 damage)
             ... on level 2 of the Dungeon.
             The game lasted 00:00:03 (866 turns).

qw the Shooter (Deep Elf Hunter)                     Turns: 866, Time: 00:00:03

Health: -2/20      AC:  3    Str: 10    XL:     3   Next: 76%
Magic:  5/5        EV: 12    Int: 13    God:
Gold:   41         SH:  0    Dex: 18    Spells: 2/2 levels left

rFire   . . .        a - +0 shortbow
rCold   . . .        (shield currently unavailable)
rNeg    . . .        c - +0 leather armour
rPois   .            (no helmet)
rElec   .            (no cloak)
rCorr   .            (no gloves)
SInv    .            (no boots)
Will    .....        (no amulet)
Stlth   ++           (no ring)
HPRegen 0.23/turn    (no ring)
MPRegen 0.09/turn

%: no passive effects
@: no status effects
A: no striking features
a: no special abilities


You were on level 2 of the Dungeon.
You visited 1 branch of the dungeon, and saw 2 of its levels.

You collected 41 gold pieces.


   Skills:
 - Level 1.5 Fighting
 + Level 7.2 Ranged Weapons
 - Level 2.4 Dodging
 - Level 1.2 Stealth


You had 2 spell levels left.
You didn't know any spells.
Your spell library was empty.

Inventory:

Hand Weapons
 a - a +0 shortbow (weapon)
Armour
 c - a +0 leather armour (worn)
Potions
 d - a potion of curing
 g - a potion of brilliance {unknown}

Dungeon Overview and Level Annotations

Branches:
Dungeon (2/15)

Altars:

Annotations:
D:2 Sigmund


Message History

You shoot an arrow.
The arrow barely misses the giant cockroach.
The giant cockroach barely misses you. The giant cockroach misses you.
You shoot an arrow. The arrow hits the giant cockroach.
You kill the giant cockroach!
You see here a giant cockroach corpse.
An adder comes into view.
Things that are here:
a +0 whip; a +0 scale mail; an orc corpse You shoot an arrow.
The adder hisses angrily.
The arrow hits the adder.
The adder is lightly wounded.
An adder comes into view.
You shoot an arrow. The adder hisses angrily.
The arrow hits the adder.
The adder is heavily wounded.
You shoot an arrow. The arrow closely misses the adder.
You shoot an arrow. The arrow hits the adder!
You kill the adder!
Sigmund the Dreaded comes into view.
He is wielding a +4 scythe of holy wrath.
Your Ranged Weapons skill increases to level 7!
You shoot an arrow. The arrow hits the adder.
The adder is lightly wounded.
Sigmund casts a spell.
Sigmund flickers and vanishes!
Deactivating autopickup; reactivate with Ctrl-A.
You shoot an arrow. The arrow hits the adder!
You kill the adder!
You shoot an arrow. You shoot an arrow. You shoot an arrow. Something hits you!
Ouch! That really hurt!
You shoot an arrow. You shoot an arrow. Something hits you!
Ouch! That really hurt!
You die...

# .# #^# ##..#
###...#
#######...#
.....(%@.#######
.....{##%<.....#
..... #######.#
..#. #.. .. #


There were no monsters in sight!

Vanquished Creatures
  2 adders (D:2)
  An orc (D:2)
  9 ball pythons (D:1)
  3 bats (D:1)
  3 endoplasms (D:1)
  A giant cockroach (D:2)
  2 goblins (D:1)
  3 hobgoblins (D:1)
  4 jackals (D:1)
  2 quokkas (D:1)
  A frilled lizard (D:1)
  2 kobolds (D:1)
  4 rats (D:1)
37 creatures vanquished.

Notes
Turn   | Place    | Note
-------+----------+-------------------------------------------
     0 | D:1      | qw the Deep Elf Hunter began the quest for the Orb.
     0 | D:1      | Reached XP level 1. HP: 12/12 MP: 3/3
     0 | D:1      | 0 ||| qw: Version: 0.3-a-155-g5e7d8dd
     0 | D:1      | 0 ||| qw: Game counter: 2351
     0 | D:1      | 0 ||| qw: Melee chars always use a shield: true
     0 | D:1      | 0 ||| qw: God list: Okawaru
     0 | D:1      | 0 ||| qw: Allow faded altars: false
     0 | D:1      | 0 ||| qw: Do Orc after clearing Dungeon:15 true
     0 | D:1      | 0 ||| qw: Do second Lair branch before Depths: true
     0 | D:1      | 0 ||| qw: Lair rune preference: random
     0 | D:1      | 0 ||| qw: Goals: Normal
     0 | D:1      | 0 ||| PLANNING D:1-11
   160 | D:1      | Reached skill level 6 in Ranged Weapons
   160 | D:1      | Reached XP level 2. HP: 8/16 MP: 4/4
   406 | D:1      | Reached XP level 3. HP: 20/20 MP: 5/5
   809 | D:1      | 809 ||| DROPPING amulet of magic regeneration.
   810 | D:1      | 810 ||| READING 2 scrolls labelled UHOREY ALOCEGG.
   811 | D:1      | 811 ||| DRINKING 2 white potions.
   812 | D:1      | 812 ||| DROPPING scroll of butterflies.
   813 | D:1      | 813 ||| DROPPING scroll of noise.
   859 | D:2      | Noticed Sigmund
   860 | D:2      | Reached skill level 7 in Ranged Weapons
   866 | D:2      | Slain by Sigmund

Levels and vault maps discovered:
D:1:      onia_arrival_handbag, layout_loops_corners, hangedman_decor_riveting
D:2:      layout_loops_ring, shapermc_ecumenical_altar_totnotflames,
          grunt_decor_one_mirror, chequers_serial_rivers_room_b, uniq_sigmund

Skill      XL: |  1  2  3 |
---------------+----------+-----
Ranged Weapons | 6 7 |  7.2
Fighting       | |  1.5
Dodging        | |  2.4
Stealth        | |  1.2

Action                     || total
---------------------------++-------
   Fire: Shortbow          ||   109
    Use: Scroll            ||     1
         Potion            ||     1
 Armour: Leather armour    ||    14
  Dodge: Dodged            ||    23

Table legend:
 A = Non-vault XP
 B = Vault XP
 C = Vault XP percentage of total XP
 D = Non-vault monster count
 E = Vault monster count
 F = Vault count percentage of total count
                 A         B        C        D         E       F
            +---------+---------+-------+---------+---------+-------
      Total |      78 |       6 |   7.1 |      33 |       4 |  10.8
            +---------+---------+-------+---------+---------+-------
        D:1 |      47 |       6 |  11.3 |      29 |       4 |  12.1
        D:2 |      31 |       0 |   0.0 |       4 |       0 |   0.0
            +---------+---------+-------+---------+---------+-------
